 Dungeon Crawl Stone Soup version 0.27-a0-870-gc4bfac4 (webtiles) character file.

Game seed: 16813553241714664850

0 Nithhogg the Conjurer (level 1, -1/10 HPs)
             Began as a Deep Elf Conjurer on Apr 2, 2021.
             Slain by a jackal (2 damage)
             ... on level 1 of the Dungeon.
             The game lasted 00:00:16 (35 turns).

Nithhogg the Conjurer (Deep Elf Conjurer)             Turns: 35, Time: 00:00:17

Health: -1/10      AC:  2    Str:  4    XL:     1   Next: 8%
Magic:  6/6        EV: 12    Int: 22    God:
Gold:   0          SH:  0    Dex: 13    Spells: 5/6 levels left

rFire    . . .     SeeInvis .   (no weapon)
rCold    . . .     Faith    .   (no shield)
rNeg     . . .     Spirit   .   a - +0 robe
rPois    .         Reflect  .   (no helmet)
rElec    .         Harm     .   (no cloak)
rCorr    .         Rampage  .   (no gloves)
Will     .....                  (no boots)
Stlth    ++........             (no amulet)
HPRegen  0.03/turn              (no ring)
MPRegen  0.10/turn              (no ring)

@: no status effects
A: no striking features
a: no special abilities


You were on level 1 of the Dungeon.
You visited 1 branch of the dungeon, and saw 1 of its levels.

Inventory:

Armour
 a - a +0 robe (worn)
Scrolls
 b - a scroll of identify {unknown}


   Skills:
 + Level 2.4 Dodging
 + Level 2.4 Stealth
 + Level 3.0 Spellcasting
 + Level 4.3 Conjurations


You had 5 spell levels left.
You knew the following spells:

 Your Spells              Type           Power      Damage    Failure   Level
a - Magic Dart            Conj           88%        1d7       1%          1

Your spell library contained the following spells:

 Spells                   Type           Power      Damage    Failure   Level
 Searing Ray              Conj           44%        3d4       3%          2
 Dazzling Flash           Conj/Hex       24%        N/A       16%         3
 Fulminant Prism          Conj/Hex       6%         3d7       45%         4
 Iskenderun's Mystic Bla  Conj/Tloc      12%        2d5       45%         4


Dungeon Overview and Level Annotations

Branches:
Dungeon (1/15)

Altars:


Message History

b - a scroll labelled QONOAXTOTOC A rat comes into view.
A rat is nearby!
A jackal comes into view.
The jackal barks!
You hear a shout!
A jackal comes into view.
A goblin comes into view. It is wielding a +0 club.
The rat barely misses you.
You closely miss the rat. The rat completely misses you. The jackal misses you.
You barely miss the rat. The jackal closely misses you.
The rat completely misses you. The jackal barely misses you.
You hit the rat but do no damage. The rat bites you.
The jackal closely misses you.
You hit the rat.
The rat is heavily wounded.
The rat barely misses you. The jackal barely misses you.
You hit the rat.
You kill the rat!
The jackal barely misses you. The jackal closely misses you.
You hit the goblin.
The goblin is heavily wounded.
The jackal barely misses you. The goblin closely misses you.
You hit the goblin but do no damage.
The goblin is heavily wounded.
The jackal barely misses you. The goblin misses you.
The jackal barely misses you.
You hit the goblin.
The goblin is severely wounded.
The jackal bites you. The goblin hits you with a +0 club.
* * * LOW HITPOINT WARNING * * *
You are too injured to fight recklessly!
You are too injured to fight recklessly!
You are too injured to fight recklessly!
You are too injured to fight recklessly!
You are too injured to fight recklessly!
You are too injured to fight recklessly!
The jackal bites you.
* * * LOW HITPOINT WARNING * * *
The jackal bites you.
You die...

#≈..88..§# #≈......≈##
.# #≈......≈#. .# ###
#≈......≈#.####.###...
#8......8#............
#####''#####.........#
#..........#.......#
#..######..#g.....#
#..........@h.....#
#...................#
..#####.####..........
#.# #.....##.## #.#
####### # #.# #.# #.#


You could see a jackal and a goblin.

Vanquished Creatures
  A rat (D:1)
1 creature vanquished.

Notes
Turn   | Place    | Note
-------+----------+-------------------------------------------
     0 | D:1      | Nithhogg the Deep Elf Conjurer began the quest for the Orb.
     0 | D:1      | Reached XP level 1. HP: 10/10 MP: 6/6
    35 | D:1      | Slain by a jackal

Illustrated notes

Levels and vault maps discovered:
D:1:      lightli_arrival_noodles, layout_rooms,
          chequers_ecumenical_altar_simple

Action                   || total
-------------------------++-------
Melee: Unarmed           ||     8
Dodge: Dodged            ||    16

Table legend: (Time is in decaauts)
 A = Elapsed time spent in this place.
 B = Non-inter-level travel time spent in this place.
 C = Inter-level travel time spent in this place.
 D = Time resting spent in this place.
 E = Time spent auto-exploring this place.
 F = Levels seen in this place.
 G = Mean time per level.
                   A        B        C        D        E       F      G
               +--------+--------+--------+--------+--------+-----+--------+
         Total |     35 |     35 |      0 |      0 |     17 |   1 |   35.0 |
       Dungeon |     35 |     35 |      0 |      0 |     17 |   1 |   35.0 |
               +--------+--------+--------+--------+--------+-----+--------+

Top non-repeatable levels by time:
     D:1: 35 daAuts
